 Dungeon Crawl Stone Soup version 0.19-a0-1100-g56b2fe9 (webtiles) character file.

23 rageheart7 the Sneak (level 3, -1/16 HPs)
             Began as a Vine Stalker Enchanter on Aug 8, 2016.
             Was an Initiate of Dithmenos.
             Slain by Natasha (5 damage)
             ... on level 2 of the Dungeon.
             The game lasted 00:02:00 (646 turns).

rageheart7 the Sneak (Vine Stalker Enchanter)        Turns: 646, Time: 00:02:01

Health: -1/16      AC:  3    Str: 10    XL:     3   Next: 0%
Magic:  0/7        EV: 17    Int: 15    God:    Dithmenos [......]
Gold:   20         SH:  0    Dex: 20    Spells: 2 memorised, 3 levels left

rFire  . . .     SeeInvis .     v - +1 dagger (drain)
rCold  + . .     Gourm    .     b - +1 robe
rNeg   . . .     Faith    .     (no shield)
rPois  .         Spirit   +     (no helmet)
rElec  .         Dismiss  .     (no cloak)
rCorr  .         Reflect  .     (no gloves)
SustAt .         Harm     .     (no boots)
MR     .....                    (no amulet)
Stlth  ++++......               (no ring)
                                m - ring of protection from cold

@: agile, very slightly contaminated
A: fangs 2, regeneration 1, magic shield, antimagic bite, no device heal 3, rot
immunity
a: Renounce Religion


You were on level 2 of the Dungeon.
You worshipped Dithmenos.
Dithmenos was noncommittal.
You were not hungry.

You visited 1 branch of the dungeon, and saw 2 of its levels.

You collected 20 gold pieces.

Inventory:

Hand Weapons
 v - a +1 dagger of draining (weapon)
Armour
 b - a +1 robe (worn)
Jewellery
 m - a ring of protection from cold (left hand)
Scrolls
 e - a scroll of noise {unknown}
 i - 2 scrolls of teleportation {unknown}
 l - a scroll of fog {unknown}
 o - a scroll of remove curse {unknown}
 q - a scroll of amnesia {unknown}
 r - a scroll of enchant armour {unknown}
Potions
 n - a potion of heal wounds {unknown}
 p - a potion of degeneration {unknown}
 s - a potion of flight {unknown}
 t - a potion of magic {unknown}
 u - a potion of mutation {unknown}
Books
 c - a book of Maledictions

   Spells                             Type                      Level
   a - Corona                         Hexes                        1
   b - Ensorcelled Hibernation        Hexes/Ice                    2
   c - Confuse                        Hexes                        3
   d - Tukima's Dance                 Hexes                        3
   e - Dazzling Spray                 Conjuration/Hexes            3
Comestibles
 d - 3 bread rations
 f - 3 fruits
 g - a slice of pizza
 h - 2 chunks of flesh
 j - a beef jerky


   Skills:
 - Level 0.1 Fighting
 * Level 1.3 Short Blades
 - Level 1.5 Dodging
 + Level 4.0 Stealth
 - Level 2.1 Spellcasting
 + Level 3.5 Hexes


You had 3 spell levels left.
You knew the following spells:

 Your Spells              Type           Power        Failure   Level  Hunger
a - Corona                Hex            ##.....      6%          1    #......
b - Ensorcelled Hibernat  Hex/Ice        #.....       17%         2    ###....


Dungeon Overview and Level Annotations

Branches:
Dungeon (2/15)

Altars:
Dithmenos

Annotations:
D:2 Natasha


Innate Abilities, Weirdness & Mutations

You have extremely sharp teeth.
Your natural rate of healing is unusually fast.
When hurt, damage is shared between your health and your magic reserves.
Your bite disrupts and absorbs the magic of your enemies.
Potions and wands cannot restore your health.
You are immune to rotting.


Message History

Frost spreads across the the floor.
The giant newt bites you. Natasha barely misses you. The crimson imp hits you.
* * * LOW HITPOINT WARNING * * *
Casting: Ensorcelled Hibernation
Confirm with . or Enter, or press ? or * to list all spells.
Aiming: Ensorcelled Hibernation
Press: ? - help, Shift-Dir - straight line, f/p - Natasha
Aim: Natasha (moderately wounded, chance to defeat MR: 37%) Natasha easily resists.
The giant newt bites you.
* * * LOW HITPOINT WARNING * * *
Natasha claws you but does no damage.
The crimson imp hits you but does no damage.
Casting: Ensorcelled Hibernation
Confirm with . or Enter, or press ? or * to list all spells.
You don't have enough magic to cast that spell.
Unknown command.
It was a potion of agility.
You feel agile all of a sudden. The giant newt completely misses you.
Natasha claws you.
You die...

###########
#......$..#
#.........#
#.........#
#.........#
#.........#
#..5hl....#
#...@.....#######
#...............#####
#...............#....
####..####......#....
#>.# #......#....
#..# #...........
..## ##.......... ..#
#...........
#...........


You could see Natasha, a crimson imp and a giant newt.

Vanquished Creatures
  A dart slug (D:1)
  3 giant geckos
  2 goblins
  A hobgoblin (D:1)
  2 kobolds (D:1)
  3 bats (D:1)
  A giant newt (D:2)
  7 rats (D:1)
20 creatures vanquished.

Notes
Turn   | Place    | Note
-------+----------+-------------------------------------------
     0 | D:1      | rageheart7 the Vine Stalker Enchanter began the quest for the Orb.
     0 | D:1      | Reached XP level 1. HP: 9/9 MP: 4/4
     3 | D:1      | Noticed an electric eel
     3 | D:1      | Noticed an electric eel
    35 | D:1      | Reached skill level 1 in Short Blades
   112 | D:1      | Reached XP level 2. HP: 9/13 MP: 1/6
   116 | D:1      | Learned a level 2 spell: Ensorcelled Hibernation
   533 | D:2      | Reached skill level 4 in Stealth
   540 | D:2      | Found a shadowy altar of Dithmenos.
   558 | D:2      | Became a worshipper of Dithmenos the Shadowed
   602 | D:2      | Reached XP level 3. HP: 16/16 MP: 7/7
   635 | D:2      | Noticed Natasha
   646 | D:2      | Slain by Natasha

Vault maps used:
D:1:      arrival_aquarium_b
D:2:      lemuel_crystal_altar, uniq_natasha

Skill      XL: |  1  2 |
---------------+-------+-----
Short Blades   | 1 |  1.3
Stealth        | 4 |  4.0
Fighting       | |  0.1
Dodging        | |  1.5
Spellcasting   | |  2.1
Hexes          | |  3.5

Action                   || total
-------------------------++-------
Melee: Dagger            ||    58
       Bite              ||    10
 Cast: Ensorcelled Hiber ||     1
  Use: Potion            ||     1
 Stab: Sleeping          ||     4
Armor: Robe              ||    11
Dodge: Dodged            ||    31
